 Dungeon Crawl Stone Soup version 0.29.1-12-g30fa7ad0bf (webtiles) character file.

Game seed: 11632909470883282843

21 xian the Sneak (level 2, -1/13 HPs)
             Began as a Spriggan Air Elementalist on Jan 6, 2023.
             Killed by their own static electricity (2 damage)
             ... on level 2 of the Dungeon.
             The game lasted 00:01:58 (1085 turns).

xian the Sneak (Spriggan Air Elementalist)          Turns: 1085, Time: 00:01:59

Health: -1/13      AC:  2    Str:  4    XL:     2   Next: 62%
Magic:  1/7        EV: 17    Int: 16    God:
Gold:   69         SH:  0    Dex: 15    Spells: 4/7 levels left

rFire   . . .      SeeInvis +   i - +2 mace (protect)
rCold   . . .      Faith    .   (no shield)
rNeg    . . .      Spirit   .   a - +0 robe
rPois   .          Reflect  .   (helmet restricted)
rElec   .          Harm     .   (no cloak)
rCorr   .          Rampage  .   (gloves unavailable)
Will    .....                   (boots unavailable)
Stlth   ++........              (no amulet)
HPRegen 0.04/turn               (no ring)
MPRegen 0.10/turn               (no ring)

@: very slightly contaminated, very quick
A: very small, no large weapons, unfitting armour, see invisible, speed 3
a: no special abilities


You were on level 2 of the Dungeon.
You visited 1 branch of the dungeon, and saw 2 of its levels.

You collected 69 gold pieces.

Inventory:

Hand Weapons
 i - a +2 mace of protection (weapon)
Armour
 a - a +0 robe (worn)
Scrolls
 g - 2 scrolls of identify {unknown}
 h - a scroll of summoning {unknown}
 j - a scroll of fog {unknown}
Potions
 b - a potion of magic
 c - 2 potions of brilliance {unknown}
 d - a potion of haste {unknown}
 e - 2 potions of mutation {unknown}
 f - a potion of resistance {unknown}


   Skills:
 + Level 2.8 Dodging
 + Level 3.5 Stealth
 + Level 3.1 Spellcasting
 + Level 0.7 Conjurations
 + Level 3.1 Air Magic


You had 4 spell levels left.
You knew the following spells:

 Your Spells              Type           Power      Damage    Failure   Level
a - Shock                 Conj/Air       32%        1d5       9%          1
b - Static Discharge      Conj/Air       8%         3-4/arc   13%         2

Your spell library contained the following spells:

 Spells                   Type           Power      Damage    Failure   Level
 Swiftness                Air            12%        N/A       16%         3
 Airstrike                Air            6%         2d(1-17)  45%         4


Dungeon Overview and Level Annotations

Branches:
Dungeon (2/15)

Altars:


Innate Abilities, Weirdness & Mutations

You are very small and have problems with some larger weapons.
You are too small for most types of armour.
You have supernaturally acute eyesight. (SInv)
You cover ground extremely quickly. (Speed+++)


Message History

Casting: Shock (safe; 9% risk of failure)
Confirm with . or Enter, or press ? or * to list all spells.
The worm is struck by an arc of lightning.
The worm is heavily wounded.
You are struck by an arc of lightning.
The lightning grounds out.
The worm bites you!
Ouch! That really hurt!
* * * LOW HITPOINT WARNING * * *
Casting: Static Discharge (safe; 13% risk of failure)
Confirm with . or Enter, or press ? or * to list all spells.
You don't know that spell.
There is a stone staircase leading up here.
You climb upwards.
There is a stone staircase leading down here.
You start resting.
Magic restored.
You climb downwards.
The worm closely misses you.
There is a stone staircase leading up here.
Casting: Static Discharge (safe; 13% risk of failure)
Confirm with . or Enter, or press ? or * to list all spells.
The worm is struck by an arc of lightning.
The worm is moderately wounded.
You are struck by an arc of lightning.
The worm is struck by an arc of lightning.
The worm is heavily wounded.
The lightning grounds out.
Casting: Static Discharge (safe; 13% risk of failure)
Confirm with . or Enter, or press ? or * to list all spells.
You miscast Static Discharge.
You are very lightly contaminated with residual magic.
Nothing appears to happen.
The worm bites you.
* * * LOW HITPOINT WARNING * * *
Unknown command.
Unknown command.
Casting: Static Discharge (safe; 13% risk of failure)
Confirm with . or Enter, or press ? or * to list all spells.
The worm is struck by an arc of lightning!
The worm is almost dead.
You are struck by an arc of lightning.
You die...

#.# ... ... #.# #.#
#.# .#
..#######.####..#.#
...................
.......@w..........
#########.####..#.#
..... .... ##..##..
.## ...# ## # ##..#
#..# ...#


You could see a worm.

Vanquished Creatures
  2 bats (D:1)
  An endoplasm (D:1)
  A giant cockroach (D:1)
  A goblin (D:1)
  2 hobgoblins (D:1)
  3 quokkas (D:1)
  4 ball pythons (D:1)
  3 kobolds (D:1)
17 creatures vanquished.

Vanquished Creatures (others)
  2 fungi (D:1)
  3 plants (D:1)
5 creatures vanquished.

Grand Total: 22 creatures vanquished

Notes
Turn   | Place    | Note
-------+----------+-------------------------------------------
     0 | D:1      | xian the Spriggan Air Elementalist began the quest for the
                  | Orb.
     0 | D:1      | Reached XP level 1. HP: 9/9 MP: 5/5
   383 | D:1      | Reached XP level 2. HP: 10/13 MP: 0/6
   388 | D:1      | Learned a level 2 spell: Static Discharge
   440 | D:1      | Found a faded altar of an unknown god.
  1085 | D:2      | Killed from afar by themself

Illustrated notes

Levels and vault maps discovered:
D:1:      minmay_arrival_nine_rooms, layout_loops_ring,
          shapermc_ecumenical_altar_mp_urbaneastern
D:2:      layout_basic, basic_altar

Skill      XL: |  1  2 |
---------------+-------+-----
Air Magic      | 3 |  3.1
Spellcasting   | 3 |  3.1
Dodging        | |  2.8
Stealth        | |  3.5
Conjurations   | |  0.7

Action                   || total
-------------------------++-------
Melee: Dagger            ||    25
 Cast: Shock             ||    41
       Static Discharge  ||     3
Armor: Robe              ||     8
Dodge: Dodged            ||    21
